 Dungeon Crawl Stone Soup version 0.31.0-11-ge490571c62 (webtiles) character file.

Game seed: 7017160790291509540

3360 Zeia the Fighter (level 9, -3/89 HPs)
             Began as a Minotaur Fighter on Jan 26, 2024.
             Was a Believer of Okawaru.
             Shot with an arrow by a centaur (6 damage)
             ... on level 9 of the Dungeon.
             The game lasted 00:10:09 (5637 turns).

Zeia the Fighter (Minotaur Fighter)                 Turns: 5637, Time: 00:10:10

Health: -3/89      AC: 10    Str: 24    XL:     9   Next: 73%
Magic:  8/8        EV:  9    Int:  5    God:    Okawaru [**....]
Gold:   263        SH:  4    Dex: 11    Spells: 8/8 levels left

rFire   . . .        a - +0 war axe
rCold   . . .        c - +0 buckler
rNeg    . . .        b - +0 scale mail
rPois   .            (helmet restricted)
rElec   .            n - +1 cloak
rCorr   .            (no gloves)
SInv    .            (no boots)
Will    .....        o - amulet of regeneration Stlth
                     (no ring)
HPRegen 1.94/turn    (no ring)
MPRegen 0.11/turn

%: no passive effects
@: attractive
A: horns 2, retaliatory headbutt, regeneration 1, evolution 1
a: Renounce Religion, Heroism


You were on level 9 of the Dungeon.
You worshipped Okawaru.
Okawaru was pleased with you.
You visited 1 branch of the dungeon, and saw 8 of its levels.

You collected 263 gold pieces.

Inventory:

Hand Weapons
 a - a +0 war axe (weapon)
Armour
 b - a +0 scale mail (worn)
 c - a +0 buckler (worn)
 n - a +1 cloak (worn)
 t - a +0 kite shield
Jewellery
 o - an amulet of regeneration (around neck)
 v - an amulet of faith
 w - an amulet of regeneration
Wands
 k - a wand of polymorph (2)
 l - a wand of flame (25)
 y - a wand of iceblast (14)
Scrolls
 g - 2 scrolls of fog
 h - a scroll of acquirement
 j - a scroll of poison
 m - 3 scrolls of identify
 p - 2 scrolls of amnesia {unknown}
 s - 4 scrolls of blinking {unknown}
 u - 5 scrolls of teleportation
 x - a scroll of fear {unknown}
 z - a scroll of enchant armour {unknown}
 C - 3 scrolls of noise {unknown}
 D - a scroll of revelation {unknown}
 E - a scroll of silence {unknown}
Potions
 d - 2 potions of might
 f - a potion of resistance {unknown}
 i - a potion of lignification {unknown}
 q - a potion of attraction
 r - a potion of mutation
 A - a potion of heal wounds {unknown}
 B - 2 potions of haste {unknown}


   Skills:
 + Level 11.2 Fighting
 + Level 10.8 Axes
 + Level 8.0 Armour
 - Level 3.6 Shields


You had 8 spell levels left.
You didn't know any spells.
Your spell library contained the following spells:

 Spells                   Type           Power      Damage    Failure   Level
 Freeze                   Ice            0%         1d3       80%         1
 Frozen Ramparts          Ice            0%         1d1       99%         3
 Hailstorm                Conj/Ice       0%         3d5       99%         3
 Anguish                  Hex/Necr       0%         N/A       100%        4
 Cause Fear               Hex            0%         N/A       100%        4
 Enfeeble                 Hex            0%         N/A       100%        7
 Summon Small Mammal      Summ           Unusable   N/A       N/A         1
 Call Canine Familiar     Summ           Unusable   N/A       N/A         3
 Summon Blazeheart Golem  Fire/Summ      Unusable   N/A       N/A         4

Dungeon Overview and Level Annotations

Branches:
Dungeon (7/15)
 Temple: D:4-7

Altars:
Makhleb
Nemelex Xobeh
Okawaru
Vehumet
Wu Jian
Xom
Yredelemnul

Shops:
D:2 (   D:9 *

Annotations:
D:9 Grum, Joseph


Innate Abilities, Weirdness & Mutations

You have a pair of horns on your head.
You reflexively headbutt those who attack you in melee.
Your natural rate of healing is unusually fast.
You have hidden genetic potential.


Message History

You kill Prince Ribbit!
Okawaru is honoured by your kill.
Prince Ribbit returns to his original shape as he dies.
You block the kobold brigand's attack.
Joseph shoots a sling bullet.
The sling bullet hits you!
* * * LOW HITPOINT WARNING * * *
Your Armour skill increases to level 8!
Okay, then.
You feel better.
Joseph shoots a sling bullet.
The sling bullet barely misses you.
The sling bullet hits the kobold brigand!
The kobold brigand barely misses you.
As you read the scroll labelled ZUELAL NIUPLI, it crumbles to dust.
It is a scroll of identify.
u - 6 scrolls of teleportation Joseph shoots a sling bullet.
The sling bullet hits you but does no damage.
The kobold brigand hits you with a +0 short sword.
* * * LOW HITPOINT WARNING * * *
As you read the scroll of teleportation, it crumbles to dust.
You feel strangely unstable.
Joseph shoots a sling bullet.
The sling bullet hits you.
* * * LOW HITPOINT WARNING * * *
The kobold brigand misses you.
It was a potion of attraction.
You feel attractive to monsters.
Joseph shoots a sling bullet.
The sling bullet hits you!
* * * LOW HITPOINT WARNING * * *
The kobold brigand barely misses you. Joseph is attracted toward you.
It was a potion of mutation.
You feel extremely strange.
You begin to heal more quickly.
You feel a hidden potential growing inside you.
Your surroundings suddenly seem different.
A centaur comes into view.
Found a quarterstaff, a scroll labelled ZODDIM KOAMEMY and a bronze wand.
Found Gebih's Elemental Accessories.
The centaur wields a +0 orcbow.
The centaur shoots an arrow.
The arrow hits you!
* * * LOW HITPOINT WARNING * * *
The centaur shoots an arrow.
The arrow hits you.
You die...

##############.
.......@.......
.....)..#.###..
..≈...... ..
.....##.c. ...
∩...? #.#.# #/.
.... #..## .
..≈ #.# ... ...


You could see a centaur.

Vanquished Creatures
  A kobold demonologist (D:9)
  Prince Ribbit (D:9)
  A wraith (D:9)
  A steam dragon (D:6)
  2 water moccasins
  Duvessa (D:5)
  3 black bears
  2 ogres
  A centaur (D:5)
  A phantom (D:4)
  3 wolves (D:9)
  A kobold brigand (D:6)
  5 scorpions
  Dowan (D:5)
  An electric eel (D:6)
  4 howler monkeys
  A hound (D:5)
  3 bombardier beetles
  2 gnoll boudas
  2 jellies
  3 orc priests
  4 iguanas
  3 sleepcaps (D:6)
  3 orc wizards
  Robin (D:1)
  8 gnolls
  4 adders
  A shadow imp (D:6)
  5 white imps
  2 ufetubi (D:5)
  5 dart slugs
  19 orcs
  11 endoplasms
  2 giant cockroaches (D:4)
  20 goblins
  8 hobgoblins
  3 quokkas
  8 ball pythons
  6 bats
  2 frilled lizards
  16 kobolds
  5 rats
176 creatures vanquished.

Notes
Turn   | Place    | Note
-------+----------+-------------------------------------------
     0 | D:1      | Zeia the Minotaur Fighter began the quest for the Orb.
     0 | D:1      | Reached XP level 1. HP: 19/19 MP: 0/0
    71 | D:1      | Reached skill level 4 in Fighting
    71 | D:1      | Reached XP level 2. HP: 27/27 MP: 1/1
   397 | D:1      | Reached XP level 3. HP: 34/34 MP: 2/2
   595 | D:2      | Noticed Robin
   798 | D:1      | Killed Robin
   799 | D:1      | Reached XP level 4. HP: 41/41 MP: 3/3
  1000 | D:2      | Reached skill level 5 in Fighting
  1028 | D:2      | Found Iffim's Antique Weapon Boutique.
  1190 | D:2      | Found a faded altar of an unknown god.
  1251 | D:3      | Noticed an ogre
  1267 | D:3      | Killed an ogre
  1268 | D:3      | Reached skill level 5 in Axes
  1268 | D:3      | Reached XP level 5. HP: 12/50 MP: 4/4
  2142 | D:4      | Reached skill level 6 in Fighting
  2174 | D:4      | Reached XP level 6. HP: 57/57 MP: 5/5
  2357 | D:4      | Found a shimmering altar of Xom.
  2405 | D:4      | Found an ornate altar of the Wu Jian Council.
  2525 | D:4      | Reached skill level 7 in Fighting
  2715 | D:4      | Found a sparkling altar of Nemelex Xobeh.
  2715 | D:4      | Found a burning altar of Makhleb.
  2872 | D:4      | Found a basalt altar of Yredelemnul.
  2873 | D:4      | Found a radiant altar of Vehumet.
  2917 | D:4      | Reached XP level 7. HP: 62/66 MP: 6/6
  3040 | D:5      | Entered Level 5 of the Dungeon
  3107 | D:5      | Reached skill level 8 in Fighting
  3132 | D:5      | Noticed Dowan
  3135 | D:5      | Noticed Duvessa
  3152 | D:5      | Killed Duvessa
  3159 | D:5      | Killed Dowan
  3160 | D:5      | Reached XP level 8. HP: 50/75 MP: 7/7
  3416 | D:5      | Reached skill level 9 in Fighting
  3896 | D:5      | Reached skill level 5 in Armour
  4362 | D:5      | Found an iron altar of Okawaru.
  4370 | D:5      | Became a worshipper of Warmaster Okawaru
  4719 | D:6      | Reached * piety under Okawaru
  4720 | D:6      | Reached skill level 10 in Fighting
  4735 | D:6      | Reached XP level 9. HP: 10/85 MP: 8/8
  5057 | D:6      | Identified the orb "Mosu" {guile, rF+}
  5354 | D:6      | Reached skill level 10 in Axes
  5492 | D:7      | You fall into a shaft and drop 2 floors!
  5577 | D:9      | Noticed Grum
  5577 | D:9      | Noticed a kobold demonologist
  5577 | D:9      | Noticed a centaur warrior
  5586 | D:9      | Noticed an ice devil
  5592 | D:9      | Noticed a hellwing
  5592 | D:9      | Reached ** piety under Okawaru
  5597 | D:9      | Noticed a soul eater
  5600 | D:9      | Killed a kobold demonologist
  5601 | D:9      | Reached skill level 11 in Fighting
  5624 | D:9      | Noticed Prince Ribbit
  5628 | D:9      | Noticed Joseph
  5630 | D:9      | Identified 2 scrolls of acquirement
  5630 | D:9      | Acquired a +2 crystal plate armour
  5632 | D:9      | Killed Prince Ribbit
  5637 | D:9      | Gained mutation: Your natural rate of healing is unusually
                  | fast. [potion of mutation]
  5637 | D:9      | Gained mutation: You have hidden genetic potential. [potion
                  | of mutation]
  5637 | D:9      | Found Gebih's Elemental Accessories.
  5637 | D:9      | HP: 3/89 [centaur/arrow (7)]
  5637 | D:9      | Shot with an arrow by a centaur

Illustrated notes

Levels and vault maps discovered:
D:1:      scummos_arrival_gate, layout_basic
D:2:      kennysheep_big_flooded_room, layout_rooms,
          shapermc_ecumenical_altar_mp_ritualfount, serial_shops,
          nicolae_shop_tiny_statue_garden, uniq_robin
D:3:      layout_loops_ring, st_stairs_12, grunt_ministairs_5
D:4:      layout_basic, xom_butterflies, amcnicky_altar_gilded,
          gammafunk_temple_overflow_elements, gammafunk_temple_overflow_statue,
          minmay_vboxes
D:5:      minmay_inner_zag, layout_layer_cave, okawaru_altar_gauntlet_db,
          minmay_checkerbox, uniq_duvessa
D:6:      wad_river_or_something, layout_basic, small_statue_intersection,
          hangedman_abyss_or_decor_stabs, item_on_display_a
D:7:      layout_layer_cave, minmay_temple_entry_purple_smoke,
          uniq_crazy_yiuf_cottage, uniq_maurice
D:9:      layout_loops_ring, nicolae_elemental_shop, uniq_prince_ribbit1,
          uniq_joseph, uniq_grum

Skill      XL: |  1  2  3  4  5  6  7  8  9 |
---------------+----------------------------+-----
Fighting       | 4 5 6 7 8 10 11 | 11.2
Axes           | 3 4 5 6 8 9 10 | 10.8
Armour         | 6 8 |  8.0
Shields        | |  3.6

Action                     |  1- 3 |  4- 6 |  7- 9 || total
---------------------------+-------+-------+-------++-------
  Melee: War axe           |    67 |   119 |   236 ||   422
         Headbutt          |    12 |    19 |    62 ||    93
         Unarmed           |     6 |       |       ||     6
 Invoke: Heroism           |       |       |     1 ||     1
    Use: Scroll            |       |       |     5 ||     5
         Potion            |       |       |     4 ||     4
 Armour: Scale mail        |    46 |    69 |   185 ||   300
         Skin              |    13 |       |       ||    13
  Dodge: Dodged            |    57 |    57 |   108 ||   222
  Block: Buckler           |    17 |    17 |    43 ||    77
